| TOP OF THE 1ST |
|
Knoxville Blue Jays batting - Pitching for Jacksonville Suns : RHP Tim Crews
|
|
Pitching: RHP Tim Crews
|
|
|
Batting: RHB Alex Taveras
|
0-0: Called Strike 0-1: Ball 1-1: Called Strike 1-2: Foul Ball, location: 2F 1-2: Ball 2-2: Ground out 4-3 (Groundball, 34, EV 101.3 MPH)
|
|
Batting: RHB Alex Villalobos
|
0-0: Called Strike 0-1: Ball 1-1: Fly out, F8 (Line Drive, 8LM, EV 111.9 MPH)
|
|
Batting: LHB Paul O'Neill
|
0-0: Ball 1-0: Fly out, F5 (Popup, 5, EV 67.5 MPH)
|
| Top of the 1st over - 0 runs, 0 hits, 0 errors, 0 left on base; Knoxville 0 - Jacksonville 0 |
| BOTTOM OF THE 1ST |
|
Jacksonville Suns batting - Pitching for Knoxville Blue Jays : RHP Alex Orozco
|
|
Pitching: RHP Alex Orozco
|
|
|
Batting: RHB Lyle Brackenridge
|
0-0: Ball 1-0: Ground out 5-3 (Groundball, 56, EV 83.1 MPH)
|
|
Batting: SHB Joe Morales
|
0-0: Called Strike 0-1: Ball 1-1: Ball 2-1: Ball 3-1: Called Strike 3-2: Base on Balls
|
|
Batting: LHB Andy Carlton
|
0-0: Called Strike 0-1: Ball 1-1: Fly out, F7 (Flyball, 7S, EV 85.0 MPH)
|
|
Batting: RHB Edward Packard
|
0-0: Ball 1-0: Called Strike 1-1: Called Strike 1-2: Strikes out swinging
|
| Bottom of the 1st over - 0 runs, 0 hits, 0 errors, 1 left on base; Knoxville 0 - Jacksonville 0 |
| TOP OF THE 2ND |
|
Knoxville Blue Jays batting - Pitching for Jacksonville Suns : RHP Tim Crews
|
|
Batting: RHB Jose Canseco
|
0-0: Called Strike 0-1: Ball 1-1: Swinging Strike 1-2: Strikes out swinging, 2-3 out at first.
|
|
Batting: RHB Fritzie Connally
|
0-0: Called Strike 0-1: Fly out, F9 (Flyball, 9, EV 95.6 MPH)
|
|
Batting: RHB Miguel Rodriguez
|
0-0: Swinging Strike 0-1: Ball 1-1: Ball 2-1: Foul Ball, location: 2F 2-2: Ball 3-2: Foul Ball, location: 2F 3-2: Fly out, F6 (Line Drive, 6, EV 67.5 MPH)
|
| Top of the 2nd over - 0 runs, 0 hits, 0 errors, 0 left on base; Knoxville 0 - Jacksonville 0 |
| BOTTOM OF THE 2ND |
|
Jacksonville Suns batting - Pitching for Knoxville Blue Jays : RHP Alex Orozco
|
|
Batting: LHB Pete M O'Brien
|
0-0: Ball 1-0: Ball 2-0: Fly out, F8 (Line Drive, 8LM, EV 86.9 MPH)
|
|
Batting: LHB Dave Baker
|
0-0: Called Strike 0-1: Called Strike 0-2: Ball 1-2: Foul Ball, location: 2F 1-2: Foul Ball, location: 2F 1-2: Ball 2-2: Ball 3-2: Ground out 6-3 (Groundball, 6, EV 82.5 MPH)
|
|
Batting: LHB Michael Kelly
|
0-0: Called Strike 0-1: Ball 1-1: Ball 2-1: Foul Ball, location: 2F 2-2: Foul Ball, location: 2F 2-2: Ground out 4-3 (Groundball, 4M, EV 105.0 MPH)
|
| Bottom of the 2nd over - 0 runs, 0 hits, 0 errors, 0 left on base; Knoxville 0 - Jacksonville 0 |
| TOP OF THE 3RD |
|
Knoxville Blue Jays batting - Pitching for Jacksonville Suns : RHP Tim Crews
|
|
Batting: RHB Eugene Pallavicini
|
0-0: Swinging Strike 0-1: Foul Ball, location: 2F 0-2: Ball 1-2: Strikes out looking
|
|
Batting: RHB Jerry Royster
|
0-0: Ball 1-0: Swinging Strike 1-1: Called Strike 1-2: Ball 2-2: SINGLE (Line Drive, 8RS, EV 87.5 MPH)
|
|
Batting: RHB Rick Sweet
|
0-0: Ball 1-0: Called Strike 1-1: Ball 2-1: Ball 3-1: Called Strike 3-2: Fly out, F8 (Flyball, 8RD, EV 103.1 MPH)
|
|
Batting: RHB Alex Taveras
|
0-0: Ball 1-0: Foul Ball, location: 2F 1-1: Called Strike 1-2: Fly out, F7 (Flyball, 78D, EV 85.6 MPH)
|
| Top of the 3rd over - 0 runs, 1 hit, 0 errors, 1 left on base; Knoxville 0 - Jacksonville 0 |
| BOTTOM OF THE 3RD |
|
Jacksonville Suns batting - Pitching for Knoxville Blue Jays : RHP Alex Orozco
|
|
Batting: RHB Mark Nocciolo
|
0-0: Called Strike 0-1: Ball 1-1: Ball 2-1: Foul Ball, location: 2F 2-2: Foul Ball, location: 2F 2-2: Ball 3-2: Foul Ball, location: 2F 3-2: Foul Ball, location: 2F 3-2: Strikes out looking
|
|
Batting: RHB Henry Powell
|
0-0: Ball 1-0: Ground out 4-3 (Groundball, 4, EV 105.6 MPH)
|
|
Batting: RHB Lyle Brackenridge
|
0-0: Ball 1-0: SINGLE (Line Drive, 6M, EV 98.8 MPH)
|
|
Batting: SHB Joe Morales
|
0-0: Called Strike 0-1: Called Strike 0-2: Ball 1-2: Ball 2-2: Foul Ball, location: 2F 2-2: Ball 3-2: Foul Ball, location: 2F 3-2: Base on Balls Lyle Brackenridge to second
|
|
Batting: LHB Andy Carlton
|
0-0: Ball 1-0: Called Strike 1-1: Ground out U3 (Groundball, 3, EV 99.4 MPH)
|
| Bottom of the 3rd over - 0 runs, 1 hit, 0 errors, 2 left on base; Knoxville 0 - Jacksonville 0 |
| TOP OF THE 4TH |
|
Knoxville Blue Jays batting - Pitching for Jacksonville Suns : RHP Tim Crews
|
|
Batting: RHB Alex Villalobos
|
0-0: Ground out U3 (Groundball, 34, EV 105.6 MPH)
|
|
Batting: LHB Paul O'Neill
|
0-0: Fly out, F4 (Popup, 4MD, EV 66.9 MPH)
|
|
Batting: RHB Jose Canseco
|
0-0: Fly out, F7 (Flyball, 7LS, EV 88.8 MPH)
|
| Top of the 4th over - 0 runs, 0 hits, 0 errors, 0 left on base; Knoxville 0 - Jacksonville 0 |
| BOTTOM OF THE 4TH |
|
Jacksonville Suns batting - Pitching for Knoxville Blue Jays : RHP Alex Orozco
|
|
Batting: RHB Edward Packard
|
0-0: Ball 1-0: Called Strike 1-1: Ball 2-1: Foul Ball, location: 2F 2-2: Ball 3-2: Fly out, F8 (Flyball, 78S, EV 90.0 MPH)
|
|
Batting: LHB Pete M O'Brien
|
0-0: Called Strike 0-1: Called Strike 0-2: Ball 1-2: Ball 2-2: Strikes out looking
|
|
Batting: LHB Dave Baker
|
0-0: Ball 1-0: Ball 2-0: Called Strike 2-1: Ground out 2-3 (Groundball, 15S, EV 74.4 MPH)
|
| Bottom of the 4th over - 0 runs, 0 hits, 0 errors, 0 left on base; Knoxville 0 - Jacksonville 0 |
| TOP OF THE 5TH |
|
Knoxville Blue Jays batting - Pitching for Jacksonville Suns : RHP Tim Crews
|
|
Batting: RHB Fritzie Connally
|
0-0: Ball 1-0: Ball 2-0: Ball 3-0: Called Strike 3-1: Swinging Strike 3-2: Foul Ball, location: 2F 3-2: Foul Ball, location: 2F 3-2: Fly out, F8 (Flyball, 78D, EV 100.6 MPH)
|
|
Batting: RHB Miguel Rodriguez
|
0-0: Ball 1-0: Called Strike 1-1: Ball 2-1: Ball 3-1: TRIPLE (Line Drive, 9LD, EV 103.8 MPH)
|
|
Batting: RHB Eugene Pallavicini
|
0-0: Called Strike 0-1: Fly out, F7 (Flyball, 78D, EV 105.0 MPH) Runner from 3rd tags up, SCORES, throw by LF
|
|
Batting: RHB Jerry Royster
|
0-0: Foul Ball, location: 2F 0-1: Foul Ball, location: 2F 0-2: Ball 1-2: SINGLE (Line Drive, 7S, EV 98.8 MPH)
|
|
Batting: RHB Rick Sweet
|
Pickoff Throw to First - Out! 1-3
|
| Top of the 5th over - 1 run, 2 hits, 0 errors, 0 left on base; Knoxville 1 - Jacksonville 0 |
| BOTTOM OF THE 5TH |
|
Jacksonville Suns batting - Pitching for Knoxville Blue Jays : RHP Alex Orozco
|
|
Batting: LHB Michael Kelly
|
0-0: Called Strike 0-1: Foul Ball, location: 2F 0-2: Strikes out swinging
|
|
Batting: RHB Mark Nocciolo
|
0-0: Foul Ball, location: 2F 0-1: Called Strike 0-2: Ground out 6-3 (Groundball, 6, EV 88.1 MPH)
|
|
Batting: RHB Henry Powell
|
0-0: Fly out, F8 (Line Drive, 8LD, EV 95.6 MPH)
|
| Bottom of the 5th over - 0 runs, 0 hits, 0 errors, 0 left on base; Knoxville 1 - Jacksonville 0 |
| TOP OF THE 6TH |
|
Knoxville Blue Jays batting - Pitching for Jacksonville Suns : RHP Tim Crews
|
|
Batting: RHB Rick Sweet
|
0-0: Called Strike 0-1: Ball 1-1: Foul Ball, location: 2F 1-2: Ball 2-2: Foul Ball, location: 2F 2-2: Foul Ball, location: 2F 2-2: Ball 3-2: Base on Balls
|
|
Batting: RHB Alex Taveras
|
0-0: Bunted foul 0-1: Bunt missed! 0-2: Ground out 5-3 (Groundball, 56S, EV 88.1 MPH) Rick Sweet to second
|
|
Batting: RHB Alex Villalobos
|
0-0: Foul Ball, location: 2F 0-1: Ball 1-1: Ball 2-1: Fly out, F8 (Flyball, 8RD, EV 96.3 MPH)
|
|
Batting: LHB Paul O'Neill
|
0-0: Called Strike 0-1: SINGLE (Flyball, 78S, EV 90.0 MPH) Rick Sweet to third Runner from 3rd tries for Home, SAFE, throw by LF to home
|
|
Batting: RHB Jose Canseco
|
0-0: Ball 1-0: Ball 2-0: Called Strike 2-1: Swinging Strike 2-2: Foul Ball, location: 2F 2-2: Strikes out looking
|
| Top of the 6th over - 1 run, 1 hit, 0 errors, 1 left on base; Knoxville 2 - Jacksonville 0 |
| BOTTOM OF THE 6TH |
|
Jacksonville Suns batting - Pitching for Knoxville Blue Jays : RHP Alex Orozco
|
|
Batting: RHB Lyle Brackenridge
|
0-0: Foul Ball, location: 2F 0-1: Ball 1-1: Swinging Strike 1-2: TRIPLE (Line Drive, 9LD, EV 103.8 MPH)
|
|
Batting: SHB Joe Morales
|
0-0: Called Strike 0-1: Ball 1-1: Fly out, F8 (Flyball, 8RD, EV 94.4 MPH) Runner from 3rd tags up, SCORES, throw by CF
|
|
Batting: LHB Andy Carlton
|
0-0: Called Strike 0-1: Foul Ball, location: 2F 0-2: Ball 1-2: Ground out 5-3 (Groundball, 5, EV 85.6 MPH)
|
|
Batting: RHB Edward Packard
|
0-0: Ball 1-0: Ball 2-0: Foul Ball, location: 2F 2-1: Foul Ball, location: 2F 2-2: Fly out, F7 (Flyball, 78S, EV 96.9 MPH)
|
| Bottom of the 6th over - 1 run, 1 hit, 0 errors, 0 left on base; Knoxville 2 - Jacksonville 1 |
| TOP OF THE 7TH |
|
Knoxville Blue Jays batting - Pitching for Jacksonville Suns : RHP Tim Crews
|
|
Batting: RHB Fritzie Connally
|
0-0: Swinging Strike 0-1: Ball 1-1: SINGLE (Groundball, 56D, EV 95.0 MPH)
|
|
Batting: RHB Miguel Rodriguez
|
0-0: Bunted foul 0-1: Sac Bunt to 25 - play at first, batter OUT! 5-4 Fritzie Connally to second
|
|
Batting: RHB Eugene Pallavicini
|
0-0: Ball 1-0: DOUBLE (Line Drive, 9LS, EV 93.1 MPH) Fritzie Connally scores
|
|
Batting: RHB Jerry Royster
|
0-0: Foul Ball, location: 2F 0-1: Ball 1-1: Fly out, F8 (Flyball, 89M, EV 86.3 MPH)
|
|
Batting: RHB Rick Sweet
|
0-0: Called Strike 0-1: Ball 1-1: Called Strike 1-2: Foul Ball, location: 2F 1-2: Ground out 4-3 (Groundball, 4MS, EV 73.1 MPH)
|
| Top of the 7th over - 1 run, 2 hits, 0 errors, 1 left on base; Knoxville 3 - Jacksonville 1 |
| BOTTOM OF THE 7TH |
|
Jacksonville Suns batting - Pitching for Knoxville Blue Jays : RHP Alex Orozco
|
|
Batting: LHB Pete M O'Brien
|
0-0: Fly out, F5 (Popup, 56S, EV 91.9 MPH)
|
|
Batting: LHB Dave Baker
|
0-0: Foul Ball, location: 2F 0-1: Swinging Strike 0-2: Ball 1-2: Ball 2-2: Ball 3-2: Foul Ball, location: 2F 3-2: Foul Ball, location: 2F 3-2: Base on Balls
|
|
Batting: LHB Michael Kelly
|
0-0: Fly out, F9 (Flyball, 9LS, EV 86.3 MPH)
|
|
Batting: RHB Mark Nocciolo
|
0-0: Ground out 4-3 (Groundball, 34, EV 105.0 MPH)
|
| Bottom of the 7th over - 0 runs, 0 hits, 0 errors, 1 left on base; Knoxville 3 - Jacksonville 1 |
| TOP OF THE 8TH |
|
Knoxville Blue Jays batting - Pitching for Jacksonville Suns : RHP Tim Crews
|
|
Batting: RHB Alex Taveras
|
0-0: Foul Ball, location: 2F 0-1: Ball 1-1: Ball 2-1: Ground out 6-3 (Groundball, 6, EV 86.3 MPH)
|
|
Batting: RHB Alex Villalobos
|
0-0: Ball 1-0: DOUBLE (Line Drive, 5D, EV 107.5 MPH)
|
|
Batting: LHB Paul O'Neill
|
0-0: Called Strike 0-1: Foul Ball, location: 2F 0-2: Foul Ball, location: 2F 0-2: Ball 1-2: Strikes out swinging
|
|
Batting: RHB Jose Canseco
|
0-0: Called Strike 0-1: Called Strike 0-2: Foul Ball, location: 2F 0-2: Strikes out swinging
|
| Top of the 8th over - 0 runs, 1 hit, 0 errors, 1 left on base; Knoxville 3 - Jacksonville 1 |
| BOTTOM OF THE 8TH |
|
Jacksonville Suns batting - Pitching for Knoxville Blue Jays : RHP Alex Orozco
|
|
Batting: RHB Henry Powell
|
0-0: Ball 1-0: Ball 2-0: Ball 3-0: Called Strike 3-1: Swinging Strike 3-2: Base on Balls
|
|
Batting: RHB Lyle Brackenridge
|
0-0: Ball 1-0: Ball 2-0: Called Strike 2-1: Foul Ball, location: 2F 2-2: Foul Ball, location: 2F 2-2: Ball 3-2: Foul Ball, location: 2F 3-2: Strikes out looking
|
|
Batting: SHB Joe Morales
|
0-0: Ball 1-0: Swinging Strike 1-1: Foul Ball, location: 2F 1-2: Grounds into double play, 4-6-3 (Groundball, 4, EV 88.1 MPH)
|
| Bottom of the 8th over - 0 runs, 0 hits, 0 errors, 0 left on base; Knoxville 3 - Jacksonville 1 |
| TOP OF THE 9TH |
|
Knoxville Blue Jays batting - Pitching for Jacksonville Suns : RHP Tim Crews
|
|
Batting: RHB Fritzie Connally
|
0-0: Swinging Strike 0-1: Foul Ball, location: 2F 0-2: Ground out 5-3 (Groundball, 56, EV 110.0 MPH)
|
|
Batting: RHB Miguel Rodriguez
|
0-0: Called Strike 0-1: Fly out, F8 (Flyball, 8LM, EV 78.8 MPH)
|
|
Batting: RHB Eugene Pallavicini
|
0-0: Ball 1-0: Called Strike 1-1: Fly out, F6 (Flyball, 56D, EV 88.1 MPH)
|
| Top of the 9th over - 0 runs, 0 hits, 0 errors, 0 left on base; Knoxville 3 - Jacksonville 1 |
| BOTTOM OF THE 9TH |
|
Jacksonville Suns batting - Pitching for Knoxville Blue Jays : RHP Alex Orozco
|
|
Pitching: LHP Jeff Haines
|
|
|
Now in RF: Ken Bolek
|
|
|
Batting: LHB Andy Carlton
|
0-0: Foul Ball, location: 2F 0-1: Swinging Strike 0-2: Ball 1-2: Ball 2-2: Ground out 4-3 (Groundball, 4, EV 103.8 MPH)
|
|
Batting: RHB Edward Packard
|
0-0: Ball 1-0: Foul Ball, location: 2F 1-1: Ball 2-1: Ground out 6-3 (Groundball, 6S, EV 90.0 MPH)
|
|
Batting: LHB Pete M O'Brien
|
0-0: Ground out 6-3 (Groundball, 6S, EV 80.6 MPH)
|
| Bottom of the 9th over - 0 runs, 0 hits, 0 errors, 0 left on base; Knoxville 3 - Jacksonville 1 |
|